Map: King's Cove LE

Players

Ziggy

  • Race: Terran Terran
  • Spawn Location: 11:00

MacSed - Winner!

  • Race: Protoss Protoss
  • Spawn Location: 5:00

Event: 2019 WCS Spring

VOD

Have the link to the VOD?

Description

Time

  • Played on: May 17, 2019, 2:26 p.m.
  • Length: 15:29

All games in this series

Show
View Real Time Build Order
Export as new Build Order

Ziggy Terran 

Build Orders: Gas First Reaper Expand 

Get SALT Encoding   

  12  0:00  SCV  
  13  0:12  SCV  
  14  0:17  Supply Depot  
  14  0:24  SCV  
  15  0:29  Refinery  
  15  0:39  SCV  
  16  0:45  Barracks  
  16  0:51  SCV  
  17  1:03  SCV  
  18  1:15  SCV  
  19  1:34  Reaper, Orbital Command  
  20  1:50  Command Center  
  20  2:04  Factory  
  20  2:07  Barracks Reactor  
  20  2:10  SCV  
  21  2:16  Supply Depot  
  21  2:22  SCV  
  22  2:27  Refinery  
  22  2:34  SCV  
  23  2:39  Bunker  
  23  2:44  Marine x2  
  23  2:46  SCV  
  23  2:49  Widow Mine  
  28  3:03  Marine x2  
  30  3:07  Orbital Command  
  29  3:15  Factory Tech Lab  
  28  3:21  Marine x2  
  28  3:25  Starport  
  28  3:28  SCV  
  28  3:33  SCV  
  30  3:40  SCV  
  31  3:43  Cyclone  
  31  3:44  Marine  
  31  3:46  Marine  
  36  3:48  SCV  
  36  3:52  SCV  
  38  4:00  SCV  
  39  4:03  Starport Tech Lab, Marine  
  39  4:04  Marine  
  39  4:05  SCV  
  39  4:07  Supply Depot  
  42  4:13  SCV  
  42  4:15  Siege Tank  
  46  4:28  Engineering Bay  
  46  4:29  SCV, Raven  
  46  4:30  SCV  
  46  4:31  Marine x2  
  51  4:41  SCV  
  51  4:43  SCV  
  53  4:46  Supply Depot  
  53  4:49  Marine  
  53  4:50  Supply Depot  
  54  4:57  Missile Turret  
  54  4:58  Marine  
  54  5:00  Missile Turret  
  54  5:08  SCV x2  
  54  5:09  Barracks  
  56  5:16  Barracks  
  56  5:17  Marine x2  
  56  5:20  SCV  
  59  5:23  Factory Reactor  
  59  5:26  SCV  
  59  5:27  Terran Infantry Weapons Level 1  
  59  5:33  SCV  
  59  5:35  Marine x2  
  62  5:38  SCV  
  62  5:41  Starport Reactor  
  63  5:44  Supply Depot  
  63  5:45  SCV  
  63  5:46  Refinery  
  64  5:53  Marine x2  
  64  5:54  Bunker  
  64  5:58  SCV  
  64  6:02  Marine  
  64  6:04  Widow Mine x2  
  70  6:09  Bunker  
  70  6:10  Marine  
  71  6:11  Bunker, Combat Shield  
  71  6:12  Stimpack  
  71  6:13  SCV x2  
  64  6:27  SCV  
  64  6:29  Marine x4  
  64  6:31  Widow Mine x2  
  64  6:32  SCV  
  70  6:39  SCV  
  67  6:44  SCV  
  67  6:46  Barracks  
  68  6:47  Marine, Barracks  
  68  6:48  Barracks  
  68  6:50  Marauder  
  68  6:51  SCV  
  76  6:54  Widow Mine x2  
  76  6:56  SCV  
  76  7:00  Marauder  
  76  7:01  Medivac  
  76  7:05  Medivac  
  76  7:06  Supply Depot  
  79  7:08  Marine  
  79  7:09  Marine  
  79  7:14  Refinery  
  81  7:16  Widow Mine x2  
  81  7:21  Supply Depot  
  81  7:22  Supply Depot  
  85  7:28  Marauder x2  
  89  7:32  Marine x2  
  89  7:34  Medivac  
  89  7:36  Medivac  
  95  7:49  Marauder x2  
  95  7:51  Barracks Tech Lab x2  
  99  7:56  Barracks Tech Lab  
  99  7:58  Widow Mine  
  100  8:01  Widow Mine  
  102  8:09  Ghost Academy  
  102  8:11  Marauder x2  
  102  8:12  Marauder x2  
  110  8:15  Concussive Shells  
  110  8:22  Marauder  
  110  8:24  Supply Depot  
  112  8:27  Supply Depot  
  112  8:32  Marauder  
  112  8:33  Marauder  
  116  8:35  Marauder  
  118  8:46  Marauder x2  
  119  9:00  Marauder x3  
  106  9:06  Medivac x2  
  106  9:07  Widow Mine  
  106  9:08  Widow Mine  
  106  9:09  Marauder  
  110  9:10  Marauder  
  110  9:18  Marine x2  
  110  9:21  Marine x3  
  115  9:29  Marine  
  115  9:30  SCV x2  
  118  9:31  Marine  
  118  9:37  Marine x2  
  121  9:39  Marauder, Marine  
  121  9:42  SCV  
  121  9:43  Marine  
  126  9:47  Marine  
  126  9:49  Marine  
  128  9:55  Marine x2  
  128  9:57  Marauder  
  132  10:00  SCV x2  
  130  10:13  Marine  
  130  10:14  Marauder  
  109  10:19  Marine x3  
  109  10:20  Marauder, Marine  
  105  10:21  Widow Mine x2  
  105  10:22  SCV x2  
  100  10:30  Medivac x2  
  100  10:31  Marine  
  100  10:34  SCV  
  100  10:35  Marauder, SCV  
  91  10:38  Marauder, Marine x2  
  86  10:44  Ghost  
  86  10:46  SCV  
  87  10:50  Ghost  
  87  10:55  Ghost  
  87  10:58  Marauder  
  87  11:02  Terran Infantry Armor Level 1  
  79  11:09  Marauder  
  81  11:14  Marauder  
  83  11:19  Marauder, Ghost  
  85  11:32  Marauder  
  85  11:38  Marauder x2  
  89  11:42  Command Center  
  89  11:46  Marauder  
  91  11:49  Marauder  
  91  11:53  Ghost  
  99  11:54  Widow Mine x2  
  99  12:03  Missile Turret  
  99  12:05  Armory  
  99  12:08  Engineering Bay  
  99  12:12  Marauder  
  99  12:17  Marauder  
  101  12:24  SCV x2  
  103  12:33  Medivac x2  
  103  12:34  Marine x2  
  109  12:41  Widow Mine x2  
  113  12:45  Marauder  
  113  12:48  SCV  
  116  12:53  SCV  
  116  12:56  Orbital Command  
  117  13:06  Medivac x2  
  117  13:09  Terran Infantry Weapons Level 2  
  117  13:11  SCV  
  117  13:12  SCV  
  122  13:15  Refinery  
  122  13:23  Refinery  
  122  13:24  SCV x2  
  124  13:29  Marauder x2  
  124  13:32  SCV  
  129  13:36  SCV  
  129  13:38  Medivac  
  129  13:40  Medivac  
  134  13:41  Marine x3  
  137  13:49  Marauder x2  
  137  13:51  Marauder  
  139  14:07  Command Center  
  139  14:08  Marauder x2  
  141  14:25  Marauder x2  
  141  14:26  Starport  
  141  14:27  Starport  
  140  14:32  Marauder x2  
  140  14:33  Widow Mine x2  
  140  14:34  Marine  
  140  14:35  Marine  
  146  14:41  Marine  
  125  14:46  Marine  
  125  14:47  Marauder  
  125  14:52  Marine  
  122  14:53  Marauder, Marine  
  122  14:54  Marauder  
  122  14:58  Marine  
  101  15:05  Marauder  
  101  15:08  Marine  
  101  15:09  Marine  
  101  15:11  Marine  
Show
View Real Time Build Order
Export as new Build Order

MacSed Protoss - Winner!

Build Orders: 1 Gate Expand, Oracle Opening, Phoenix Opening 

Get SALT Encoding   

  12  0:00  Probe  
  13  0:12  Probe  
  14  0:17  Pylon  
  14  0:24  Probe  
  15  0:32  Probe  
  15  0:40  Probe, Gateway  
  16  0:47  Assimilator  
  17  0:51  Probe  
  18  1:03  Probe  
  19  1:15  Probe  
  20  1:27  Cybernetics Core  
  20  1:36  Probe  
  21  1:40  Assimilator  
  21  1:44  Nexus  
  21  1:52  Pylon  
  21  1:57  Adept  
  23  2:09  Shield Battery  
  23  2:11  Probe  
  24  2:17  Adept  
  24  2:23  Probe  
  27  2:37  Stargate  
  27  2:39  Warp Gate  
  27  2:42  Probe  
  28  2:49  Adept  
  30  2:54  Probe  
  30  2:57  Probe  
  32  3:06  Probe  
  32  3:09  Probe  
  34  3:14  Oracle  
  34  3:18  Probe  
  35  3:21  Probe  
  38  3:30  Probe  
  38  3:31  Shield Battery  
  38  3:34  Probe  
  38  3:42  Probe  
  38  3:46  Probe  
  40  3:50  Phoenix  
  40  3:54  Probe  
  43  3:58  Probe  
  44  4:02  Pylon  
  44  4:06  Probe  
  45  4:10  Probe  
  45  4:11  Gateway  
  45  4:14  Phoenix, Gateway  
  48  4:27  Stalker  
  48  4:29  Probe  
  48  4:30  Probe  
  51  4:33  Phoenix  
  51  4:41  Probe  
  51  4:42  Probe  
  52  4:51  Assimilator x2  
  52  4:53  Probe  
  52  4:54  Probe  
  54  5:03  Pylon  
  54  5:09  Robotics Facility  
  54  5:13  Phoenix, Pylon  
  54  5:21  Probe x2  
  54  5:23  Adept  
  54  5:25  Adept  
  62  5:32  Adept  
  64  5:36  Phoenix  
  66  5:43  Adept  
  68  5:52  Adept  
  68  5:58  Adept  
  68  6:01  Probe  
  69  6:07  Probe  
  70  6:17  Nexus  
  70  6:22  Adept  
  68  6:28  Probe  
  68  6:30  Stalker x2  
  63  6:39  Phoenix  
  56  6:40  Probe x2  
  56  6:45  Stalker  
  61  6:55  Stalker x2  
  61  6:56  Phoenix  
  61  7:00  Robotics Bay  
  61  7:01  Probe  
  66  7:03  Forge  
  66  7:08  Observer  
  69  7:10  Pylon  
  69  7:11  Probe  
  69  7:14  Pylon  
  70  7:25  Robotics Facility  
  70  7:28  Phoenix, Pylon  
  72  7:30  Probe x2  
  72  7:31  Sentry  
  72  7:35  Colossus  
  76  7:38  Probe  
  76  7:40  Assimilator  
  76  7:41  Protoss Ground Weapons Level 1  
  76  7:42  Probe x2  
  76  7:43  Extended Thermal Lance, Assimilator  
  79  7:50  Probe  
  86  7:54  Probe  
  87  7:59  Probe  
  87  8:02  Probe  
  87  8:06  Shield Battery  
  87  8:07  Shield Battery  
  87  8:09  Sentry  
  87  8:10  Colossus  
  89  8:13  Probe x2  
  97  8:28  Observer, Sentry, Gateway  
  97  8:29  Pylon, Gateway  
  97  8:32  Phoenix  
  99  8:38  Sentry  
  101  8:41  Zealot  
  101  8:45  Gateway  
  103  8:51  Colossus  
  107  9:00  Colossus  
  107  9:01  Sentry  
  87  9:13  Probe  
  87  9:14  Probe  
  95  9:17  Zealot  
  95  9:21  Phoenix  
  99  9:25  Sentry, Shield Battery  
  99  9:26  Zealot x3  
  99  9:29  Shield Battery  
  107  9:33  Gateway  
  107  9:36  Gateway  
  107  9:37  Pylon  
  107  9:39  Immortal  
  107  9:42  Zealot, Sentry  
  111  9:51  Phoenix  
  117  9:57  Twilight Council  
  117  9:58  Protoss Ground Armor Level 1  
  108  10:09  Stalker x4  
  87  10:29  Stalker  
  87  10:30  Stalker x2  
  89  10:54  Sentry  
  91  11:11  Nexus  
  91  11:12  Sentry  
  93  11:26  Pylon  
  93  11:32  Colossus, Pylon  
  93  11:34  Pylon  
  93  11:37  Disruptor  
  93  11:39  Probe  
  94  11:40  Charge  
  99  11:51  Pylon  
  102  11:59  Probe, Pylon  
  103  12:05  Sentry  
  103  12:08  Zealot x2  
  109  12:11  Disruptor  
  107  12:18  Probe  
  111  12:25  Probe x2  
  111  12:29  Adept x2  
  117  12:34  Probe  
  118  12:37  Probe  
  118  12:38  Probe  
  120  12:46  Zealot  
  120  12:48  Probe  
  120  12:50  Protoss Ground Armor Level 2  
  123  12:59  Probe x2, Warp Prism  
  123  13:00  Probe, Adept  
  123  13:01  Zealot  
  130  13:06  Observer  
  130  13:11  Probe  
  130  13:16  Probe x2, Pylon  
  132  13:23  Assimilator  
  132  13:25  Stalker  
  132  13:26  Colossus  
  134  13:27  Blink  
  140  13:46  Probe  
  141  13:53  Zealot x5  
  149  14:04  Zealot x3  
  155  14:15  Zealot  
  155  14:16  Zealot x3  
  154  14:42  Zealot x3  
  155  14:55  Zealot  
  155  14:56  Zealot x2  
  144  15:10  Zealot x5  
  142  15:15  Zealot  
Tags
 
Add a new tag
Caveats
  • Supply blocks, unpowered buildings, or Contaminate may cause inaccurate times.
  • Supply counts are checked every 10 seconds.